TOP OF THE 1ST |
Salem Sledgehammers batting - Pitching for Chula Vista Tacos : RHP Kitahachi Ine
|
Pitching: RHP Kitahachi Ine
|
|
Batting: RHB William Richardson
|
0-0: Foul Ball, location: 2F 0-1: Foul Ball, location: 2F 0-2: SINGLE (Line Drive, 8RS)
|
Batting: RHB Brandon Pope
|
0-0: Foul Ball, location: 2F 0-1: Ball 1-1: Called Strike 1-2: SINGLE (Groundball, 4MD) William Richardson to second Runner from 2nd tries for 3rd, SAFE, throw made to third
|
Batting: SHB Lee Townsend
|
0-0: Ball 1-0: Called Strike 1-1: Ball 2-1: Called Strike 2-2: Strikes out swinging
|
Batting: RHB Earnest Finnegan
|
0-0: Foul Ball, location: 2F 0-1: Ball 1-1: Swinging Strike 1-2: DOUBLE (Line Drive, 89M) William Richardson scores Brandon Pope to third
|
Batting: SHB Júlio Salazar
|
0-0: Ball 1-0: Foul Ball, location: 2F 1-1: SINGLE (Line Drive, 6M) Brandon Pope scores Earnest Finnegan to third Runner from 3rd tries for Home, throw and OUT! Júlio Salazar to second
|
Batting: LHB Brent Alonzo
|
0-0: Ball 1-0: Called Strike 1-1: Ball 2-1: Ball 3-1: Foul Ball, location: 2F 3-2: Base on Balls
|
Batting: RHB Finn Buys
|
0-0: Swinging Strike 0-1: Swinging Strike 0-2: Ball 1-2: Ball 2-2: Strikes out swinging
|
Top of the 1st over - 2 run(s), 4 hit(s), 0 error(s), 2 left on base; Salem 2 - Chula Vista 0 |
BOTTOM OF THE 1ST |
Chula Vista Tacos batting - Pitching for Salem Sledgehammers : RHP José López
|
Pitching: RHP José López
|
|
Batting: RHB Jorge Collazo
|
0-0: Ball 1-0: Foul Ball, location: 2F 1-1: Ball 2-1: Fly out, F8 (Flyball, 89M)
|
Batting: RHB Doug Brown
|
0-0: SOLO HOME RUN (Flyball, 7D), Distance : 384 ft
|
Batting: LHB Mario Olivares
|
0-0: Ball 1-0: Ground out 4-3 (Groundball, 4)
|
Batting: RHB Scott Green
|
0-0: Ball 1-0: Ball 2-0: Called Strike 2-1: Foul Ball, location: 2F 2-2: Strikes out looking
|
Bottom of the 1st over - 1 run(s), 1 hit(s), 0 error(s), 0 left on base; Salem 2 - Chula Vista 1 |
TOP OF THE 2ND |
Salem Sledgehammers batting - Pitching for Chula Vista Tacos : RHP Kitahachi Ine
|
Batting: RHB Fernando Pérez
|
0-0: Foul Ball, location: 2F 0-1: Ball 1-1: Ball 2-1: Ball 3-1: Foul Ball, location: 2F 3-2: Foul Ball, location: 2F 3-2: SINGLE (Flyball, 6MD)
|
Batting: RHB Ryan Cates
|
0-0: Ball 1-0: Swinging Strike 1-1: Ball 2-1: Foul Ball, location: 2F 2-2: Foul Ball, location: 2F 2-2: Strikes out swinging
|
Batting: RHB William Richardson
|
0-0: Called Strike 0-1: Called Strike 0-2: Ball 1-2: Ball 2-2: Strikes out swinging
|
Batting: RHB Brandon Pope
|
0-0: Called Strike 0-1: SINGLE (Line Drive, 8LS) Fernando Pérez to second
|
Batting: SHB Lee Townsend
|
0-0: Fielders Choice at 2nd, U4 (Groundball, 4M)
|
Top of the 2nd over - 0 run(s), 2 hit(s), 0 error(s), 2 left on base; Salem 2 - Chula Vista 1 |
BOTTOM OF THE 2ND |
Chula Vista Tacos batting - Pitching for Salem Sledgehammers : RHP José López
|
Batting: SHB Adrián Nieto
|
0-0: Foul Ball, location: 2F 0-1: Ball 1-1: Foul Ball, location: 2F 1-2: Foul Ball, location: 2F 1-2: Strikes out swinging
|
Batting: LHB José Torres
|
0-0: Ground out 4-3 (Groundball, 4)
|
Batting: LHB Noriaki Sangi
|
0-0: Ball 1-0: Foul Ball, location: 2F 1-1: Ball 2-1: Ball 3-1: Base on Balls
|
Batting: RHB John Nelson
|
0-0: Fly out, F2 (Popup, 2RF)
|
Bottom of the 2nd over - 0 run(s), 0 hit(s), 0 error(s), 1 left on base; Salem 2 - Chula Vista 1 |
TOP OF THE 3RD |
Salem Sledgehammers batting - Pitching for Chula Vista Tacos : RHP Kitahachi Ine
|
Batting: RHB Earnest Finnegan
|
0-0: Swinging Strike 0-1: Swinging Strike 0-2: SINGLE (Flyball, 7S)
|
Batting: SHB Júlio Salazar
|
0-0: Ball Earnest Finnegan steals 2nd base 1-0: Ball 2-0: SINGLE (Line Drive, 89S) Earnest Finnegan to third
|
Batting: LHB Brent Alonzo
|
0-0: Ball 1-0: Called Strike 1-1: Swinging Strike 1-2: Foul Ball, location: 2F 1-2: Ball 2-2: Ball 3-2: Foul Ball, location: 2F 3-2: Foul Ball, location: 2F 3-2: Base on Balls Júlio Salazar to second
|
Batting: RHB Finn Buys
|
0-0: Called Strike 0-1: Called Strike 0-2: Ball 1-2: Strikes out looking
|
Batting: RHB Fernando Pérez
|
0-0: Ball 1-0: Foul Ball, location: 2F 1-1: Called Strike 1-2: Strikes out swinging
|
Batting: RHB Ryan Cates
|
0-0: Called Strike 0-1: Ball 1-1: Swinging Strike 1-2: Ball 2-2: Foul Ball, location: 2F 2-2: Foul Ball, location: 2F 2-2: Foul Ball, location: 2F 2-2: Strikes out looking
|
Top of the 3rd over - 0 run(s), 2 hit(s), 0 error(s), 3 left on base; Salem 2 - Chula Vista 1 |
BOTTOM OF THE 3RD |
Chula Vista Tacos batting - Pitching for Salem Sledgehammers : RHP José López
|
Batting: SHB Chris Hall
|
0-0: Ball 1-0: Foul Ball, location: 2F 1-1: SINGLE (Groundball, 34D)
|
Batting: RHB Jorge Collazo
|
0-0: Foul Ball, location: 2F 0-1: Ball 1-1: Ball 2-1: Called Strike 2-2: Ball 3-2: Strikes out swinging
|
Batting: RHB Doug Brown
|
0-0: Ball Chris Hall steals 2nd base 1-0: Called Strike 1-1: Ball 2-1: Ball 3-1: Foul Ball, location: 2F 3-2: Strikes out looking
|
Batting: LHB Mario Olivares
|
0-0: Ball 1-0: Fly out, F8 (Popup, 8LS)
|
Bottom of the 3rd over - 0 run(s), 1 hit(s), 0 error(s), 1 left on base; Salem 2 - Chula Vista 1 |
TOP OF THE 4TH |
Salem Sledgehammers batting - Pitching for Chula Vista Tacos : RHP Kitahachi Ine
|
Batting: RHB William Richardson
|
0-0: Ball 1-0: Ball 2-0: Called Strike 2-1: Fly out, F8 (Flyball, 8RD)
|
Pitching: LHP Domingo Benítez
|
|
Batting: RHB Brandon Pope
|
0-0: Called Strike 0-1: Called Strike 0-2: Ball 1-2: Strikes out swinging
|
Batting: SHB Lee Townsend
|
0-0: Ball 1-0: Ball 2-0: Foul Ball, location: 2F 2-1: Ball 3-1: Base on Balls
|
Batting: RHB Earnest Finnegan
|
0-0: Ball 1-0: Ball 2-0: Foul Ball, location: 2F 2-1: Ground out 4-3 (Groundball, 4)
|
Top of the 4th over - 0 run(s), 0 hit(s), 0 error(s), 1 left on base; Salem 2 - Chula Vista 1 |
BOTTOM OF THE 4TH |
Chula Vista Tacos batting - Pitching for Salem Sledgehammers : RHP José López
|
Batting: RHB Scott Green
|
0-0: SOLO HOME RUN (Flyball, 7D), Distance : 402 ft
|
Batting: SHB Adrián Nieto
|
0-0: SINGLE (Groundball, 34D)
|
Batting: LHB José Torres
|
0-0: Foul Ball, location: 2F 0-1: Ball 1-1: Fielders Choice at 2nd, 4-6 (Groundball, 4M)
|
Batting: LHB Noriaki Sangi
|
0-0: SINGLE (Line Drive, 8RS) José Torres to second
|
Batting: RHB John Nelson
|
0-0: SINGLE (Line Drive, 7LS) José Torres to third Noriaki Sangi to second Runner from 3rd tries for Home, SAFE, no throw or cutoff
|
Batting: SHB Chris Hall
|
0-0: Grounds out, U3 (Groundball, 3L) Noriaki Sangi to third
|
Batting: RHB Jorge Collazo
|
0-0: Swinging Strike 0-1: Swinging Strike 0-2: Foul Ball, location: 2F 0-2: Strikes out looking
|
Bottom of the 4th over - 2 run(s), 4 hit(s), 0 error(s), 2 left on base; Salem 2 - Chula Vista 3 |
TOP OF THE 5TH |
Salem Sledgehammers batting - Pitching for Chula Vista Tacos : LHP Domingo Benítez
|
Batting: SHB Júlio Salazar
|
0-0: Ball 1-0: Ground out 6-3 (Groundball, 6)
|
Batting: LHB Brent Alonzo
|
0-0: Fly out, F3 (Line Drive, 34)
|
Batting: RHB Finn Buys
|
0-0: Reached on error, E6 (Groundball, 6M)
|
Batting: RHB Fernando Pérez
|
0-0: Ball 1-0: Ball 2-0: Ball 3-0: Called Strike 3-1: Foul Ball, location: 2F 3-2: Foul Ball, location: 2F 3-2: Foul Ball, location: 2F 3-2: Base on Balls Finn Buys to second
|
Batting: RHB Ryan Cates
|
0-0: Fly out, F9 (Flyball, 9LM)
|
Top of the 5th over - 0 run(s), 0 hit(s), 1 error(s), 2 left on base; Salem 2 - Chula Vista 3 |
BOTTOM OF THE 5TH |
Chula Vista Tacos batting - Pitching for Salem Sledgehammers : RHP José López
|
Batting: RHB Doug Brown
|
0-0: SINGLE (Groundball, 56D)
|
Batting: LHB Mario Olivares
|
0-0: Ball 1-0: Called Strike 1-1: Ball 2-1: Foul Ball, location: 2F 2-2: SINGLE (Line Drive, 78S) Doug Brown to second
|
Batting: RHB Scott Green
|
0-0: Ball 1-0: Called Strike 1-1: Swinging Strike 1-2: Foul Ball, location: 2F 1-2: Fly out, F9 (Flyball, 89M)
|
Batting: SHB Adrián Nieto
|
0-0: Ball 1-0: Called Strike 1-1: SINGLE (Flyball, 89S) Doug Brown to third Mario Olivares to second
|
Batting: LHB José Torres
|
0-0: Ball 1-0: Foul Ball, location: 2F 1-1: Ball 2-1: SINGLE (Line Drive, 6MD) Doug Brown scores Mario Olivares to third Adrián Nieto to second
|
Batting: LHB Noriaki Sangi
|
0-0: Ball 1-0: Ball 2-0: Ball 3-0: Base on Balls Mario Olivares scores Adrián Nieto to third José Torres to second
|
Batting: RHB John Nelson
|
0-0: Fly out, F3 (Popup, 3F)
|
Batting: SHB Chris Hall
|
0-0: Ball 1-0: Ball 2-0: DOUBLE (Flyball, 78M) Adrián Nieto scores José Torres scores Noriaki Sangi to third Runner from 3rd tries for Home, SAFE, no throw or cutoff
|
Pitching: RHP Jeff Hansen
|
|
Batting: RHB Jorge Collazo
|
0-0: Ball 1-0: Foul Ball, location: 2F 1-1: Ball 2-1: Ground out 6-3 (Groundball, 6)
|
Bottom of the 5th over - 5 run(s), 5 hit(s), 0 error(s), 1 left on base; Salem 2 - Chula Vista 8 |
TOP OF THE 6TH |
Salem Sledgehammers batting - Pitching for Chula Vista Tacos : LHP Domingo Benítez
|
Batting: RHB William Richardson
|
0-0: Ball 1-0: SINGLE (Line Drive, 56D)
|
Batting: RHB Brandon Pope
|
0-0: Ball William Richardson is caught stealing 2nd base 1-0: Ball 2-0: Ball 3-0: Base on Balls
|
Batting: SHB Lee Townsend
|
0-0: Ball 1-0: Ball 2-0: Ball 3-0: Called Strike 3-1: Grounds into double play, 6-4-3 (Groundball, 6)
|
Top of the 6th over - 0 run(s), 1 hit(s), 0 error(s), 0 left on base; Salem 2 - Chula Vista 8 |
BOTTOM OF THE 6TH |
Chula Vista Tacos batting - Pitching for Salem Sledgehammers : RHP Jeff Hansen
|
Batting: RHB Doug Brown
|
0-0: Called Strike 0-1: Called Strike 0-2: Ball 1-2: Strikes out swinging
|
Batting: LHB Mario Olivares
|
0-0: Called Strike 0-1: Swinging Strike 0-2: Ball 1-2: Ball 2-2: Foul Ball, location: 2F 2-2: Ball 3-2: Strikes out looking
|
Batting: RHB Scott Green
|
0-0: Ball 1-0: Called Strike 1-1: Called Strike 1-2: Ball 2-2: Foul Ball, location: 2F 2-2: Foul Ball, location: 2F 2-2: Strikes out swinging
|
Bottom of the 6th over - 0 run(s), 0 hit(s), 0 error(s), 0 left on base; Salem 2 - Chula Vista 8 |
TOP OF THE 7TH |
Salem Sledgehammers batting - Pitching for Chula Vista Tacos : LHP Domingo Benítez
|
Pitching: RHP Francis Carney
|
|
Batting: RHB Earnest Finnegan
|
0-0: Ball 1-0: Foul Ball, location: 2F 1-1: Ball 2-1: SINGLE (Groundball, 56D)
|
Batting: SHB Júlio Salazar
|
0-0: Ball Earnest Finnegan steals 2nd base 1-0: Ground out 3-6 (Groundball, 3S) Earnest Finnegan to third
|
Batting: LHB Brent Alonzo
|
0-0: Called Strike 0-1: Foul Ball, location: 2F 0-2: Ball 1-2: Ball 2-2: Strikes out swinging
|
Batting: RHB Finn Buys
|
0-0: Foul Ball, location: 2F 0-1: Called Strike 0-2: Ball 1-2: Foul Ball, location: 2F 1-2: Foul Ball, location: 2F 1-2: Foul Ball, location: 2F 1-2: Hit by Pitch
|
Batting: RHB Fernando Pérez
|
0-0: Ground out 1-3 (Groundball, 15)
|
Top of the 7th over - 0 run(s), 1 hit(s), 0 error(s), 2 left on base; Salem 2 - Chula Vista 8 |
BOTTOM OF THE 7TH |
Chula Vista Tacos batting - Pitching for Salem Sledgehammers : RHP Jeff Hansen
|
Batting: SHB Adrián Nieto
|
0-0: Ball 1-0: Swinging Strike 1-1: Swinging Strike 1-2: Ball 2-2: Strikes out swinging
|
Batting: LHB José Torres
|
0-0: Called Strike 0-1: Swinging Strike 0-2: Strikes out swinging
|
Batting: LHB Noriaki Sangi
|
0-0: Fly out, F7 (Line Drive, 7M)
|
Bottom of the 7th over - 0 run(s), 0 hit(s), 0 error(s), 0 left on base; Salem 2 - Chula Vista 8 |
TOP OF THE 8TH |
Salem Sledgehammers batting - Pitching for Chula Vista Tacos : RHP Francis Carney
|
Batting: RHB Ryan Cates
|
0-0: Fly out, F8 (Flyball, 8LD)
|
Batting: RHB William Richardson
|
0-0: Ball 1-0: Foul Ball, location: 2F 1-1: Foul Ball, location: 2F 1-2: SOLO HOME RUN (Line Drive, 8RXD), Distance : 431 ft
|
Batting: RHB Brandon Pope
|
0-0: Called Strike 0-1: Reached on error, E5 (Groundball, 5)
|
Batting: SHB Lee Townsend
|
0-0: Called Strike 0-1: SINGLE (Flyball, 6MD) Brandon Pope to second
|
Batting: RHB Earnest Finnegan
|
0-0: Ball 1-0: Swinging Strike 1-1: Foul Ball, location: 2F 1-2: Grounds into double play, 6-4-3 (Groundball, 6)
|
Top of the 8th over - 1 run(s), 2 hit(s), 1 error(s), 1 left on base; Salem 3 - Chula Vista 8 |
BOTTOM OF THE 8TH |
Chula Vista Tacos batting - Pitching for Salem Sledgehammers : RHP Jeff Hansen
|
Pitching: RHP John Harris
|
|
Batting: RHB John Nelson
|
0-0: SINGLE (Groundball, 4MD)
|
Batting: SHB Chris Hall
|
0-0: Sac Bunt - play at first, batter OUT! 5-3 John Nelson to second
|
Batting: RHB Jorge Collazo
|
0-0: Ball 1-0: SINGLE (Groundball, 34) John Nelson to third Runner from 3rd tries for Home, SAFE, no throw or cutoff
|
Batting: RHB Doug Brown
|
0-0: Called Strike 0-1: Ball 1-1: Swinging Strike 1-2: Ball Jorge Collazo steals 2nd base 2-2: Fly out, F7 (Line Drive, 7S)
|
Batting: LHB Mario Olivares
|
0-0: Swinging Strike 0-1: Called Strike 0-2: SINGLE (Line Drive, 4MD) Jorge Collazo to third
|
Batting: RHB Scott Green
|
0-0: Called Strike 0-1: Ball 1-1: Fly out, F4 (Line Drive, 4)
|
Bottom of the 8th over - 1 run(s), 3 hit(s), 0 error(s), 2 left on base; Salem 3 - Chula Vista 9 |
TOP OF THE 9TH |
Salem Sledgehammers batting - Pitching for Chula Vista Tacos : RHP Francis Carney
|
Now at C: José Oliveira
|
|
Now at SS: José Aranda
|
|
Now in LF: Jaime Icaza
|
|
Batting: SHB Júlio Salazar
|
0-0: Ball 1-0: Ball 2-0: Ball 3-0: Base on Balls
|
Pitching: LHP Jerry Green
|
|
Batting: LHB Brent Alonzo
|
0-0: Called Strike 0-1: Ball 1-1: Ball 2-1: Swinging Strike 2-2: Foul Ball, location: 2F 2-2: Ball 3-2: Base on Balls Júlio Salazar to second
|
Batting: RHB Finn Buys
|
0-0: Grounds into double play, 5-4-3 (Groundball, 56) Júlio Salazar to third
|
Batting: RHB Fernando Pérez
|
0-0: SINGLE (Line Drive, 34D) Júlio Salazar scores
|
Batting: RHB Ryan Cates
|
0-0: Foul Ball, location: 2F 0-1: Ball 1-1: Ball 2-1: Ball 3-1: Swinging Strike 3-2: Foul Ball, location: 2F 3-2: Foul Ball, location: 2F 3-2: Strikes out looking
|
Top of the 9th over - 1 run(s), 1 hit(s), 0 error(s), 1 left on base; Salem 4 - Chula Vista 9 |
|